AoeStats
← kkkg

Arena

509009607Analyzed
2v2 RM · 6d ago on Sep 25, 2026· 49m 1s· 4 players
Game mode
Random Map
Map size
Medium (4 player)
Population
200
Speed
Normal
Resources
Standard
Victory
Conquest
Starting age
Dark Age
Ending age
Imperial Age
RankedLock teamsTeams togetherTeam positionsShared explorationLock speedFull tech treeHidden civsTurbo modeCheats
Victory
Defeat
1092
+13
🇨🇳 Celts · China
984
+17
🇧🇷 Aztecs · Brazil
1048
-16
🇨🇴 Spanish · Colombia
993
-14
juansrv
2:47 Loom
9:39 Feudal Age
10:07 Double-Bit Axe
13:32 Wheelbarrow
16:31 Castle Age
15:02 Horse Collar
17:41 Bow Saw
21:26 Heavy Plow
22:31 Gold Mining
24:59 Stone Mining
27:06 Hand Cart
30:16 Imperial Age
29:48 Bloodlines
29:38 Husbandry
29:37 Pikeman
30:27 Scale Barding Armor
30:32 Forging
30:13 Fletching
30:46 Ballistics
30:22 Murder Holes
31:04 Padded Archer Armor
32:10 Two-Man Saw
31:33 Chain Barding Armor
31:38 Conscription
32:28 Chemistry
32:31 Bodkin Arrow
33:13 Iron Casting
35:04 Plate Barding Armor
34:45 Leather Archer Armor
35:04 Elite Conquistador
37:44 Light Cavalry
40:20 Blast Furnace
39:21 Bracer
38:51 Hussar
42:08 Elite Skirmisher
42:53 Thumb Ring
ComanddBR2
5:03 Loom
12:31 Feudal Age
16:50 Castle Age
14:43 Double-Bit Axe
14:40 Horse Collar
19:55 Fervor
24:47 Heavy Plow
26:14 Wheelbarrow
28:35 Gold Mining
33:07 Imperial Age
30:23 Town Watch
30:54 Hand Cart
31:53 Sanctity
33:07 Forging
32:48 Fletching
32:58 Scale Mail Armor
34:19 Conscription
34:38 Block Printing
34:56 Illumination
34:41 Murder Holes
34:57 Fortified Wall
34:59 Squires
35:20 Bodkin Arrow
35:42 Chain Mail Armor
35:25 Eagle Warrior
37:36 Chemistry
38:07 Bracer
40:24 Padded Archer Armor
41:30 Pikeman
41:45 Elite Skirmisher
44:36 Plate Mail Armor
44:42 Iron Casting
47:02 Theocracy
46:37 Atonement
46:18 Elite Eagle Warrior
这是我的弟弟约翰
10:22 Feudal Age
14:24 Castle Age
12:42 Double-Bit Axe
13:37 Horse Collar
23:53 Bow Saw
23:45 Heavy Plow
26:23 Wheelbarrow
28:35 Imperial Age
26:43 Wheelbarrow
27:09 Squires
28:41 Heated Shot
30:52 Hand Cart
31:54 Chemistry
31:15 Ballistics
32:54 Two-Man Saw
32:26 Fletching
32:47 Forging
32:57 Scale Mail Armor
33:44 Crenellations
34:45 Elite Skirmisher
35:42 Elite Teutonic Knight
37:40 Heavy Scorpion
41:46 Pikeman
45:04 Iron Casting
44:44 Chain Mail Armor
44:25 Bodkin Arrow
44:30 Padded Archer Armor
45:01 Conscription
46:52 Ironclad
47:06 Caravan
kkkg
10:37 Feudal Age
11:48 Double-Bit Axe
14:42 Castle Age
12:42 Horse Collar
16:31 Wheelbarrow
17:21 Bow Saw
21:38 Hand Cart
25:08 Gold Mining
25:08 Stone Mining
26:49 Gold Shaft Mining
27:29 Stone Shaft Mining
27:05 Heavy Plow
31:08 Imperial Age
31:18 Loom
31:19 Town Watch
32:48 Furor Celtica
33:02 Conscription
32:52 Heavy Scorpion
35:10 Chemistry
34:30 Ballistics
34:16 Siege Engineers
34:23 Masonry
35:39 Pikeman
38:43 Capped Ram
40:28 Cavalier
41:47 Siege Ram
Connection lost

Rejoining the realm…

Still unreachable

The connection could not be restored.

Session expired

The server has moved on; the page needs a fresh start.